 Dungeon Crawl Stone Soup version 0.29-a0-344-ge2f44be95a (webtiles) character file.

Game seed: 16195697584980947054

1400 spaghetti the Sneak (level 8, -4/52 HPs)
             Began as a Demonspawn Earth Elementalist on Apr 22, 2022.
             Was an Initiate of Ru.
             Slain by a gnoll sergeant
             ... wielding a +0 vampiric trident
              (7 damage)
             ... on level 5 of the Dungeon.
             The game lasted 00:11:26 (5008 turns).

spaghetti the Sneak (Demonspawn Earth Elementalist) Turns: 5008, Time: 00:11:27

Health: -4/52      AC:  3    Str:  9    XL:     8   Next: 41%
Magic:  5/15       EV: 12    Int: 19    God:    Ru [......]
Gold:   309        SH:  0    Dex: 17    Spells: 11/17 levels left

rFire   . . .      SeeInvis .   l - +0 dagger (vamp) {short}
rCold   . . .      Faith    .   (no shield)
rNeg    . . .      Spirit   .   r - +1 robe {Will+}
rPois   .          Reflect  .   (no helmet)
rElec   .          Harm     .   (no cloak)
rCorr   .          Rampage  .   (no gloves)
Will    +....                   (no boots)
Stlth   +++++.....              c - amulet "Mij Kech" {Regen+ Dex+2}
HPRegen 0.97/turn               (no ring)
MPRegen 0.14/turn               (no ring)

@: flying
A: hooves 2, thin skeletal structure 1, demonic magic 1
a: Renounce Religion


You were on level 5 of the Dungeon.
You worshipped Ru.
Ru was noncommittal.
You visited 2 branches of the dungeon, and saw 6 of its levels.

You collected 309 gold pieces.


Innate Abilities, Weirdness & Mutations

You have hoof-like feet.
You have a somewhat thin skeletal structure. (Dex +2, Stealth+)
Spells you cast may paralyse adjacent enemies.


   Skills:
 - Level 3.2 Short Blades
 - Level 1.7 Dodging
 + Level 6.7 Stealth
 - Level 5.0 Spellcasting
 - Level 0.8 Transmutations
 - Level 5.3 Earth Magic


You had 11 spell levels left.
You knew the following spells:

 Your Spells              Type           Power      Damage    Failure   Level
a - Sandblast             Erth           50%        2d12      1%          1
b - Passwall              Tmut/Erth      13%        N/A       5%          2
c - Stone Arrow           Conj/Erth      28%        3d8       13%         3

Your spell library contained the following spells:

 Spells                   Type           Power      Damage    Failure   Level
 Petrify                  Tmut/Erth      16%        N/A       34%         4
 Confusing Touch          Hex            4%         N/A       36%         3
 Yara's Violent Unravell  Hex/Tmut       3%         3d4       96%         5
 Enfeeble                 Hex            2%         N/A       100%        7

Inventory:

Hand Weapons
 d - a +0 dagger {short}
   (You took it off a goblin on level 1 of the Dungeon)
 e - a +2 hand axe of protection {axe}
   (You found it on level 3 of the Dungeon)
 l - a +0 vampiric dagger (weapon) {short}
   (You found it on level 4 of the Dungeon)
Missiles
 a - 101 stones (quivered) {throwing}
 n - 6 silver javelins {throwing}
 o - 7 poisoned darts {throwing}
 q - 3 boomerangs {throwing}
Armour
 r - a +1 robe of willpower (worn)
   (You took it off Pikel on level 5 of the Dungeon)
Magical Staves
 p - a staff of air {!astaff}
   (You found it on level 2 of the Dungeon)
Jewellery
 c - the amulet "Mij Kech" (around neck) {Regen+ Dex+2}
   (You found it on level 3 of the Dungeon)

   [amulet of regeneration]

   Dex:       It affects your dexterity (+2).
   Regen:     It increases your rate of health regeneration.
 g - a +6 ring of dexterity
   (You found it on level 3 of the Dungeon)
 j - an amulet of the acrobat
   (You found it on level 2 of the Dungeon)
 t - a ring of ice
   (You found it on level 4 of the Dungeon)
 w - a ring of resist corrosion
   (You found it on level 5 of the Dungeon)
Wands
 m - a wand of polymorph (14)
   (You found it on level 4 of the Dungeon)
Scrolls
 f - a scroll of fear {unknown}
 h - 2 scrolls of identify {unknown}
 i - 2 scrolls of enchant armour {unknown}
 s - a scroll of blinking {unknown}
 u - a scroll of acquirement {unknown}
 v - a scroll of magic mapping {!r}
Potions
 k - a potion of resistance {unknown}

Dungeon Overview and Level Annotations

Branches:
Dungeon (5/15)             Temple (1/1) D:5

Altars:
Ashenzari
Cheibriados
Dithmenos
Fedhas
Gozag
Hepliaklqana
Nemelex Xobeh
Okawaru
Qazlal
Ru
Sif Muna
Trog
Uskayaw
Vehumet
Wu Jian
The Shining One
Beogh

Shops:
D:2

[ #################
#...............#
#.#############.##### ##########
#.................... ##........#
#.............#.#####
..........###..g..........#.#####
.....g....'.'))..................
##........###.).@....###.......##
##+####### #........# #.......#.
###.# #........# #.......#. .##.#
#........# #.......#.
.##.#########........###.......#.
.............[.....###.........#.
.##.##############..##.........#.
.##.# ##.##.....##..#. .##.#
#######'##.....##..#.


You could see a gnoll sergeant.


Message History

You kill the gnoll!
a - 107 stones {throwing} Malevolent energies surge around you. 😎 MP[-1]
You lost 1 mp, and now have 13/15 mp.
Casting: Sandblast (safe; 1% risk of failure)
Confirm with . or Enter, or press ? or * to list all spells.
Aiming: Sandblast (safe; 1% risk of failure)
Press: ? - help, Shift-Dir - straight line, f - gnoll sergeant
Aim: a gnoll sergeant, wielding a +0 vampiric trident and wearing a +0 ring mail (86% to hit)
The blast of sand hits the gnoll sergeant but does no damage.
a - 106 stones {throwing} Malevolent energies surge around you.
The gnoll sergeant hits you from afar with a +0 vampiric trident! 😮 HP[-13] MP[-1]
You take 13 damage, and now have 39/52 hp.
MASSIVE DAMAGE!! (PAUSE)
You lost 1 mp, and now have 12/15 mp.
Casting: Sandblast (safe; 1% risk of failure)
Confirm with . or Enter, or press ? or * to list all spells.
Aiming: Sandblast (safe; 1% risk of failure)
Press: ? - help, Shift-Dir - straight line, f/p - gnoll sergeant
Aim: a gnoll sergeant, wielding a +0 vampiric trident and wearing a +0 ring mail (86% to hit)
The blast of sand hits the gnoll sergeant.
a - 105 stones {throwing} Malevolent energies surge around you.
The gnoll sergeant hits you from afar with a +0 vampiric trident. 😮 HP[-2] MP[-1]
You take 2 damage, and now have 37/52 hp.
You lost 1 mp, and now have 11/15 mp.
Casting: Sandblast (safe; 1% risk of failure)
Confirm with . or Enter, or press ? or * to list all spells.
Aiming: Sandblast (safe; 1% risk of failure)
Press: ? - help, Shift-Dir - straight line, f/p - gnoll sergeant
Aim: a gnoll sergeant, wielding a +0 vampiric trident and wearing a +0 ring mail (lightly wounded, 86% to hit)
The blast of sand hits the gnoll sergeant.
a - 104 stones {throwing} Malevolent energies surge around you.
The gnoll sergeant barely misses you. 😮 HP[+1] MP[-1]
You lost 1 mp, and now have 10/15 mp.
Casting: Sandblast (safe; 1% risk of failure)
Confirm with . or Enter, or press ? or * to list all spells.
Aiming: Sandblast (safe; 1% risk of failure)
Press: ? - help, Shift-Dir - straight line, f/p - gnoll sergeant
Aim: a gnoll sergeant, wielding a +0 vampiric trident and wearing a +0 ring mail (lightly wounded, 86% to hit)
The blast of sand hits the gnoll sergeant.
a - 103 stones {throwing} Malevolent energies surge around you.
The gnoll sergeant hits you from afar with a +0 vampiric trident.
The gnoll sergeant draws strength from your wounds! 😮 HP[-5] MP[-1]
You take 5 damage, and now have 33/52 hp.
You lost 1 mp, and now have 9/15 mp.
Casting: Sandblast (safe; 1% risk of failure)
Confirm with . or Enter, or press ? or * to list all spells.
Aiming: Sandblast (safe; 1% risk of failure)
Press: ? - help, Shift-Dir - straight line, f/p - gnoll sergeant
Aim: a gnoll sergeant, wielding a +0 vampiric trident and wearing a +0 ring mail (lightly wounded, 86% to hit)
The blast of sand hits the gnoll sergeant but does no damage.
a - 102 stones {throwing} Malevolent energies surge around you.
The gnoll sergeant hits you from afar with a +0 vampiric trident!
* * * LOW HITPOINT WARNING * * *
😨 HP[-13]
You take 13 damage, and now have 20/52 hp.
MASSIVE DAMAGE!! (PAUSE)
Casting: Sandblast (safe; 1% risk of failure)
Confirm with . or Enter, or press ? or * to list all spells.
Aiming: Stone Arrow (dangerous; 13% risk of failure)
Press: ? - help, Shift-Dir - straight line, f/p - gnoll sergeant
Aim: a gnoll sergeant, wielding a +0 vampiric trident and wearing a +0 ring mail (lightly wounded, 77% to hit)
The stone arrow misses the gnoll sergeant.
Malevolent energies surge around you.
The gnoll sergeant hits you from afar with a +0 vampiric trident!
* * * LOW HITPOINT WARNING * * *
The gnoll sergeant draws strength from your wounds! 😨 HP[-6] MP[-3]
You take 6 damage, and now have 14/52 hp.
You lost 3 mp, and now have 6/15 mp.
Casting: Stone Arrow (dangerous; 13% risk of failure)
Confirm with . or Enter, or press ? or * to list all spells.
Aiming: Sandblast (safe; 1% risk of failure)
Press: ? - help, Shift-Dir - straight line, f/p - gnoll sergeant
Aim: a gnoll sergeant, wielding a +0 vampiric trident and wearing a +0 ring mail (86% to hit)
The blast of sand hits the gnoll sergeant.
a - 101 stones {throwing} Malevolent energies surge around you.
The gnoll sergeant hits you from afar with a +0 vampiric trident!
* * * LOW HITPOINT WARNING * * *
😱 HP[-12] MP[-1]
You take 12 damage, and now have 2/52 hp.
MASSIVE DAMAGE!! (PAUSE)
You lost 1 mp, and now have 5/15 mp.
Unknown command.
Okay, then.
It was a potion of flight.
You feel very buoyant.
You fly up into the air.
The gnoll sergeant hits you from afar with a +0 vampiric trident!
You die...

Skill      XL: |  1  2  3  4  5  6  7  8 |
---------------+-------------------------+-----
Earth Magic    | 3 4 5 |  5.3
Stealth        | 2 3 4 6 |  6.7
Short Blades   | 1 2 3 |  3.2
Spellcasting   | 5 |  5.0
Dodging        | |  1.7
Transmutations | |  0.8

Action                   |  1- 3 |  4- 6 |  7- 9 || total
-------------------------+-------+-------+-------++-------
Melee: Dagger            |       |    54 |    12 ||    66
       Punch             |       |     1 |       ||     1
       Kick              |       |       |     2 ||     2
Throw: Javelin           |       |     3 |       ||     3
       Stone             |       |    14 |     2 ||    16
 Cast: Sandblast         |    37 |    87 |    40 ||   164
       Stone Arrow       |       |     1 |     1 ||     2
  Use: Potion            |     1 |     3 |     4 ||     8
       Scroll            |       |     1 |     1 ||     2
 Stab: Paralysed         |       |     9 |     6 ||    15
       Sleeping          |       |       |     4 ||     4
Armor: Robe              |     1 |    17 |     8 ||    26
Dodge: Dodged            |     6 |    39 |    35 ||    80

Levels and vault maps discovered:
D:1:      eino_arrival_cavern_c, layout_loops_ring,
          shapermc_ecumenical_altar_notcrosses
D:2:      layout_rooms, serial_shops, shop, uniq_jessica
D:3:      layout_basic, minmay_joined_circles
D:4:      layout_layer_cave, kennysheep_orc_chapel
D:5:      layout_basic, minmay_temple_entry_arrows, uniq_duvessa, uniq_pikel,
          uniq_menkaure
Temple:   eino_temple_scatter_basement

Notes
Turn   | Place    | Note
-------+----------+-------------------------------------------
     0 | D:1      | spaghetti the Demonspawn Earth Elementalist began the quest
                  | for the Orb.
     0 | D:1      | Reached XP level 1. HP: 13/13 MP: 3/3
     0 | D:1      | magus.rc [v1.9.6]
    61 | D:1      | HP: 2/13 [goblin/+0 dagger (2)]
    65 | D:1      | Reached skill level 3 in Earth Magic
   335 | D:1      | You fall into a shaft and drop 1 floor!
   365 | D:2      | Gained mutation: You have a somewhat thin skeletal
                  | structure. (Dex +2, Stealth+) [demonic ancestry]
   365 | D:2      | Reached XP level 2. HP: 19/19 MP: 3/5
   523 | D:2      | Reached skill level 2 in Stealth
   799 | D:2      | Noticed Jessica
   804 | D:2      | Killed Jessica
   805 | D:2      | Reached XP level 3. HP: 24/24 MP: 2/6
   983 | D:2      | Gained mutation: Spells you cast may paralyse adjacent
                  | enemies. [demonic ancestry]
   983 | D:2      | Reached XP level 4. HP: 30/30 MP: 4/7
  1023 | D:2      | Reached skill level 4 in Earth Magic
  1225 | D:2      | Found Nafyl's Antique Armour Boutique.
  1304 | D:3      | Identified the amulet "Mij Kech" {Regen+ Dex+2}
  1338 | D:3      | Noticed a phantom
  1358 | D:3      | Reached skill level 3 in Stealth
  1489 | D:3      | Killed a phantom
  1490 | D:3      | Reached skill level 1 in Short Blades
  1490 | D:3      | Reached XP level 5. HP: 35/35 MP: 0/8
  2381 | D:4      | Reached skill level 2 in Short Blades
  2463 | D:4      | Reached XP level 6. HP: 41/41 MP: 5/9
  2496 | D:4      | Learned a level 2 spell: Passwall
  2500 | D:4      | Learned a level 3 spell: Stone Arrow
  2812 | D:4      | Reached skill level 4 in Stealth
  3034 | D:4      | Reached skill level 5 in Earth Magic
  3327 | D:4      | You pick up a book of Misfortune and begin reading...
  3327 | D:4      | You add the spells Confusing Touch, Yara's Violent
                  | Unravelling and Enfeeble to your library.
  3418 | D:4      | HP: 5/41 [something/magic dart (7)]
  3772 | D:5      | Entered Level 5 of the Dungeon
  3805 | D:5      | Reached skill level 3 in Short Blades
  3805 | D:5      | Gained mutation: You have large cloven feet. [demonic
                  | ancestry]
  3805 | D:5      | Reached XP level 7. HP: 46/46 MP: 5/10
  3823 | D:5      | HP: 10/46 [scorpion (7)]
  3828 | D:5      | HP: 11/46 [poisoned by a scorpion]
  3833 | D:5      | HP: 8/46 [poisoned by a scorpion]
  3838 | D:5      | HP: 7/46 [poisoned by a scorpion]
  4024 | D:5      | Found a staircase to the Ecumenical Temple.
  4031 | Temple   | Entered the Ecumenical Temple
  4250 | Temple   | Became a worshipper of Ru the Awakened
  4322 | D:5      | Noticed Pikel
  4334 | D:5      | Killed Pikel
  4335 | D:5      | Reached skill level 5 in Spellcasting
  4335 | D:5      | Gained mutation: You have hoof-like feet. [demonic
                  | ancestry]
  4335 | D:5      | Reached XP level 8. HP: 52/52 MP: 8/15
  4534 | D:5      | Noticed Duvessa
  4538 | D:5      | Noticed Dowan
  4544 | D:5      | Killed Duvessa
  4545 | D:5      | Reached skill level 5 in Stealth
  4550 | D:5      | Killed Dowan
  4692 | D:5      | Reached skill level 6 in Stealth
  4698 | D:5      | HP: 4/52 [gnoll sergeant/+0 vampiric trident (12)]
  4710 | D:5      | HP: 4/52 [ufetubus (4)]
  4814 | D:5      | Noticed Menkaure
  4821 | D:5      | Killed Menkaure
  5007 | D:5      | HP: 2/52 [gnoll sergeant/+0 vampiric trident (13)]
  5008 | D:5      | Slain by a gnoll sergeant

Vanquished Creatures
  Pikel (D:5)
  Menkaure (D:5)
  Duvessa (D:5)
  An ogre (D:4)
  A phantom (D:3)
  A scorpion (D:5)
  Dowan (D:5)
  2 hounds
  2 orc priests (D:4)
  A jelly (D:5)
  Jessica (D:2)
  An iguana (D:5)
  3 orc wizards (D:4)
  6 gnolls
  4 adders
  An ufetubus (D:5)
  A worm (D:4)
  2 dart slugs
  21 orcs
  6 bats
  5 endoplasms
  2 giant cockroaches
  10 goblins
  3 hobgoblins
  3 kobolds
  4 quokkas
  6 ball pythons
  2 frilled lizards (D:2)
  3 rats
96 creatures vanquished.

Table legend:
 A = Non-vault XP
 B = Vault XP
 C = Vault XP percentage of total XP
 D = Non-vault monster count
 E = Vault monster count
 F = Vault count percentage of total count
                 A         B        C        D         E       F
            +---------+---------+-------+---------+---------+-------
      Total |     744 |    1256 |  62.8 |      75 |      21 |  21.9
            +---------+---------+-------+---------+---------+-------
        D:1 |      10 |       0 |   0.0 |       6 |       0 |   0.0
        D:2 |      66 |      37 |  35.9 |      18 |       1 |   5.3
        D:3 |      31 |     128 |  80.5 |       9 |      13 |  59.1
        D:4 |     371 |      79 |  17.6 |      31 |       3 |   8.8
        D:5 |     266 |    1012 |  79.2 |      11 |       4 |  26.7
            +---------+---------+-------+---------+---------+-------

Illustrated notes

Table legend:
 A = Kills in this place as a percentage of kills in entire the game.
 B = Kills by you in this place as a percentage of kills by you in the entire game.
 C = Kills by friends in this place as a percentage of kills by friends in the entire game.
 D = Other kills in this place as a percentage of other kills in the entire game.
 E = Experience gained in this place as a percentage of experience gained in the entire game.
 F = Experience gained in this place divided by the number of levels of this place that you have seen.
                   A       B       C       D       E      F
               +-------+-------+-------+-------+-------+----------------------
         Total | 100.0 | 100.0 |   N/A |   N/A | 100.0 | 333.3
       Dungeon | 100.0 | 100.0 |   N/A |   N/A | 100.0 | 400.0
               +-------+-------+-------+-------+-------+----------------------

Table legend: (Time is in decaauts)
 A = Elapsed time spent in this place.
 B = Non-inter-level travel time spent in this place.
 C = Inter-level travel time spent in this place.
 D = Time resting spent in this place.
 E = Time spent auto-exploring this place.
 F = Levels seen in this place.
 G = Mean time per level.
                   A        B        C        D        E       F      G
               +--------+--------+--------+--------+--------+-----+--------+
         Total |   4969 |   4861 |    108 |    574 |   3457 |   6 |  828.2 |
       Dungeon |   4731 |   4641 |     90 |    574 |   3309 |   5 |  946.2 |
        Temple |    237 |    219 |     18 |      0 |    148 |   1 |  237.0 |
               +--------+--------+--------+--------+--------+-----+--------+

Top non-repeatable levels by time:
     D:4: 1787 daAuts
     D:2: 931 daAuts
     D:5: 924 daAuts
     D:3: 753 daAuts
     D:1: 335 daAuts
  Temple: 237 daAuts
